 Dungeon Crawl Stone Soup version 0.31-a0-117-g42d8f58691 (webtiles) character file.

Game seed: 3959120007880804940

212 Angani the Digger (level 6, -5/45 HPs)
             Began as a Meteoran Earth Elementalist on May 30, 2023.
             Killed from afar by an orc wizard (10 damage)
             ... with a magic dart
             ... on level 4 of the Dungeon.
             The game lasted 00:07:15 (939 turns).

Angani the Digger (Meteoran Earth Elementalist)      Turns: 939, Time: 00:07:16

Health: -5/45      AC:  5    Str: 10    XL:     6   Next: 36%
Magic:  14/15      EV: 12    Int: 18    God:
Gold:   139        SH:  0    Dex: 15    Spells: 9/15 levels left

rFire   . . .        f - +0 short sword (venom)
rCold   . . .        (no shield)
rNeg    . . .        a - +0 robe
rPois   .            c - +0 helmet
rElec   .            l - +0 cloak
rCorr   .            e - +0 pair of gloves
SInv    .            (no boots)
Will    .....        (no amulet)
Stlth   +            (no ring)
HPRegen 0.27/turn    (no ring)
MPRegen 0.14/turn

%: no passive effects
@: glowing
A: sense surroundings 1, otherworldly, glowing, explore regen
a: no special abilities


You were on level 4 of the Dungeon.
You visited 1 branch of the dungeon, and saw 4 of its levels.

You collected 139 gold pieces.

Inventory:

Hand Weapons
 f - a +0 short sword of venom (weapon)
Armour
 a - a +0 robe (worn)
 c - a +0 helmet (worn)
 e - a +0 pair of gloves (worn)
 l - a +0 cloak (worn)
Wands
 n - a wand of flame (27)
 o - a wand of iceblast (7)
Scrolls
 g - 3 scrolls of blinking
 h - a scroll of noise {unknown}
 j - 2 scrolls of teleportation {unknown}
 k - a scroll of acquirement {unknown}
 m - a scroll of fog {unknown}
 p - a scroll of magic mapping {unknown}
 q - a scroll of enchant weapon {unknown}
Potions
 b - 2 potions of magic
 d - 2 potions of enlightenment
 i - 2 potions of haste


   Skills:
 - Level 2.4 Dodging
 - Level 1.4 Stealth
 + Level 5.4 Spellcasting
 - Level 1.2 Transmutations
 + Level 6.0 Earth Magic


You had 9 spell levels left.
You knew the following spells:

 Your Spells              Type           Power      Damage    Failure   Level
a - Sandblast             Erth           52%        2d12      1%          1
b - Passwall              Tmut/Erth      14%        N/A       4%          2
c - Stone Arrow           Conj/Erth      30%        3d8       11%         3

Your spell library contained the following spells:

 Spells                   Type           Power      Damage    Failure   Level
 Petrify                  Tmut/Erth      17%        N/A       28%         4


Dungeon Overview and Level Annotations

Branches:
Dungeon (4/15) Zot: 1419
 Temple: D:4-7

Altars:


Innate Abilities, Weirdness & Mutations

You passively map a small area around you.
You are easily found by Zot.
You glow in the dark.
You regain HP and MP as you explore.


Message History

The orc wizard hits you with a +0 dagger.
Something hits you but does no damage.
You bump into the rock wall.
Something barely misses you.
The orc wizard hits you but does no damage.
You're too confused to move!
The orc wizard casts a spell at you. The puff of flame hits you!
Something hits you but does no damage.
Unknown command.
You bump into the rock wall.
The orc wizard hits you but does no damage.
Something hits you but does no damage. The orc hits you with a +0 flail.
Unknown command.
You're too confused to move!
You feel less confused.
The orc wizard hits you with a +0 dagger.
The orc hits you with a +0 flail.
* * * LOW HITPOINT WARNING * * *
Something hits you but does no damage.
Unknown command.
Unknown command.
Something hits you.
* * * LOW HITPOINT WARNING * * *
The orc wizard gestures at you while chanting.
The puff of flame hits you.
* * * LOW HITPOINT WARNING * * *
The orc wizard casts a spell at you. The magic dart hits you.
* * * LOW HITPOINT WARNING * * *
Something hits you but does no damage.
Okay, then.
Unknown command.
Aiming: Sandblast (safe; 1% risk of failure)
Press: ? - help, Q - select action, (/) - cycle Shift-Dir - straight line, f - orc
Aim: an orc, wielding a +0 flail and wearing a +0 chain mail (87% to hit)
The blast of sand hits the orc.
The orc is heavily wounded.
You hear some strange, mumbled words.
A magic dart appears from out of thin air!
The magic dart hits you!
You die...

** ,, ####,* * * ######## , .$. ,
#...##.# #.###.##..## #.#...#.#
....<[......* ##....# #.#####
#.###.#...#.#.#####.....##*#.....
, , ... .......@{o......# ##.###
* ..S....#.#.##o......###.## ,
,.......,,#o##......[##.##### ,
*....... #.#.!...>..#.......
.###..w*,#.o.)....##.######. .#
..............##........ *
#)#.#.##.######..#####. .. #. #.#
#..# , .. .. ..# #..#


You could see an orc wizard and 2 orcs.

Vanquished Creatures
  A hound (D:3)
  An orc priest (D:3)
  An orc wizard (D:3)
  7 adders
  3 worms (D:2)
  4 orcs
  5 ball pythons
  4 endoplasms
  3 giant cockroaches
  4 goblins
  5 hobgoblins
  6 quokkas (D:1)
  2 bats (D:2)
  3 frilled lizards
  4 kobolds
  2 rats
55 creatures vanquished.

Notes
Turn   | Place    | Note
-------+----------+-------------------------------------------
     0 | D:1      | Angani the Meteoran Earth Elementalist began the quest for
                  | the Orb.
     0 | D:1      | Reached XP level 1. HP: 14/14 MP: 5/5
    60 | D:2      | Reached XP level 2. HP: 20/20 MP: 2/7
    73 | D:2      | Reached skill level 4 in Earth Magic
    86 | D:1      | Learned a level 2 spell: Passwall
   117 | D:1      | Reached XP level 3. HP: 26/26 MP: 6/8
   338 | D:2      | Reached XP level 4. HP: 33/33 MP: 8/10
   453 | D:2      | Reached skill level 5 in Earth Magic
   523 | D:2      | Reached XP level 5. HP: 38/38 MP: 8/12
   593 | D:3      | Learned a level 3 spell: Stone Arrow
   737 | D:3      | Reached skill level 5 in Spellcasting
   741 | D:3      | Reached XP level 6. HP: 30/45 MP: 8/14
   911 | D:4      | Reached skill level 6 in Earth Magic
   939 | D:4      | Killed from afar by an orc wizard

Illustrated notes

Levels and vault maps discovered:
D:1:      dpeg_arrival_line_fractal, layout_basic
D:2:      layout_rooms, minivault_23
D:3:      minmay_angry_zag, layout_loops_ring, serial_glass, glass_columns_a,
          glass_columns_b, glass_columns_b, glass_columns_a, glass_columns_b,
          glass_columns_a, glass_columns_c, glass_columns_a, glass_columns_b,
          glass_columns_a, glass_columns_a, glass_columns_a, glass_columns_c,
          glass_columns_a
D:4:      layout_loops_ring, grunt_dithmenos_smoke

Skill      XL: |  1  2  3  4  5  6 |
---------------+-------------------+-----
Spellcasting   | 3 4 5 |  5.4
Earth Magic    | 4 5 6 |  6.0
Dodging        | |  2.4
Stealth        | |  1.4
Transmutations | |  1.2

Action                     |  1- 3 |  4- 6 || total
---------------------------+-------+-------++-------
  Melee: Short sword       |       |     1 ||     1
   Cast: Sandblast         |    25 |    52 ||    77
         Passwall          |     5 |     5 ||    10
    Use: Scroll            |       |     3 ||     3
 Armour: Robe              |       |    12 ||    12
  Dodge: Dodged            |     4 |    14 ||    18

Table legend: (Time is in decaauts)
 A = Elapsed time spent in this place.
 B = Non-inter-level travel time spent in this place.
 C = Inter-level travel time spent in this place.
 D = Time resting spent in this place.
 E = Time spent auto-exploring this place.
 F = Levels seen in this place.
 G = Mean time per level.
                   A        B        C        D        E       F      G
               +--------+--------+--------+--------+--------+-----+--------+
         Total |    978 |    955 |     23 |      0 |      0 |   4 |  244.5 |
       Dungeon |    978 |    955 |     23 |      0 |      0 |   4 |  244.5 |
               +--------+--------+--------+--------+--------+-----+--------+

Top non-repeatable levels by time:
     D:1: 321 daAuts
     D:2: 277 daAuts
     D:3: 247 daAuts
     D:4: 132 daAuts
